 Dungeon Crawl Stone Soup version 0.20-a0-936-gaf809b6 (webtiles) character file.

535 Rrauwl the Skirmisher (level 7, -1/45 HPs)
             Began as a Gargoyle Berserker on Mar 30, 2017.
             Was a Believer of Trog.
             Killed by divine providence
             ... invoked by an orc priest
              (9 damage)
             ... on level 4 of the Dungeon.
             The game lasted 00:07:59 (2310 turns).

Rrauwl the Skirmisher (Gargoyle Berserker)          Turns: 2310, Time: 00:08:00

Health: -1/45      AC: 18    Str: 22    XL:     7   Next: 25%
Magic:  7/7        EV:  7    Int:  7    God:    Trog [**....]
Gold:   143        SH:  0    Dex: 10    Spells: 6/6 levels left

rFire    . . .     SeeInvis .   a - +0 mace
rCold    . . .     Gourm    +   (no shield)
rNeg     + . .     Faith    .   s - +0 plate armour
rPois    ∞         Spirit   .   (no helmet)
rElec    +         Reflect  .   p - +0 cloak
rCorr    .         Harm     .   (no gloves)
MR       .....                  (no boots)
Stlth    ..........             u - amulet of the gourmand
Regen    0.2/turn               j - ring of flight
MPRegen  0.1/turn               (no ring)

@: no status effects
A: negative energy resistance 1, electricity resistance, unbreathing,
petrification resistance, rot immunity, AC +4
a: Berserk, Trog's Hand, Burn Spellbooks, Renounce Religion, Evoke Flight


You were on level 4 of the Dungeon.
You worshipped Trog.
Trog was pleased with you.
You were not hungry.

You visited 1 branch of the dungeon, and saw 4 of its levels.

You collected 143 gold pieces.

Inventory:

Hand Weapons
 a - a +0 mace (weapon)
Armour
 p - a +0 cloak (worn)
 s - a +0 plate armour (worn)
Jewellery
 j - a ring of flight (left hand)
 u - an amulet of the gourmand (around neck)
Scrolls
 g - a scroll of teleportation {unknown}
 k - a scroll of enchant weapon {unknown}
 l - a scroll of remove curse
 m - 2 scrolls of amnesia {unknown}
 o - a scroll of recharging {unknown}
 q - a scroll of random uselessness {unknown}
 t - a scroll of identify
Potions
 b - a potion of brilliance {unknown}
 d - a potion of might {unknown}
 e - a potion of cancellation {unknown}
 h - a potion of curing {unknown}
 i - a potion of mutation
Comestibles
 c - 2 bread rations
 f - a meat ration
 n - 3 fruits


   Skills:
 + Level 5.7 Fighting
 + Level 5.2 Maces & Flails
 + Level 4.8 Armour
 - Level 2.1 Dodging


You had 6 spell levels left.
You didn't know any spells.

Dungeon Overview and Level Annotations

Branches:
Dungeon (4/15)
 Temple: D:4-7

Altars:


Innate Abilities, Weirdness & Mutations

You are resistant to torment.
Your stone body is resilient. (AC +4)
You are immune to poison.
You resist negative energy. (rN+)
You are resistant to electric shocks. (rElec)
You can survive without breathing.
You are immune to petrification.
You are immune to rotting.


Message History

The orc is heavily wounded.
The orc completely misses you.
You hit the orc but do no damage.
The orc is heavily wounded.
The orc barely misses you. The orc hits you but does no damage.
You hit the orc.
You kill the orc!
Trog accepts your kill.
The orc priest calls down the wrath of Beogh upon you.
Beogh smites you!
The orc priest invokes the aid of Beogh against you.
Beogh smites you!
* * * LOW HITPOINT WARNING * * *
Things that are here:
a whip; a leather armour You hit the orc priest.
The orc priest is lightly wounded.
The orc priest calls down the wrath of Beogh upon you.
Beogh smites you!
You die...

#.<...# ##.#.##
####.....#####...
....#.#(#......#
.................
#####.#.#########
#.....#
#####.#.#########
.......o@........
(...#.#†#########
###....).#
#.#.#.## #....!.
#.# #.# ... ..$
### #.# ...


You could see an orc priest.

Vanquished Creatures
  The ghost of MirrMurr the Fighter, a novice HOFi (D:3)
  2 orc priests (D:4)
  5 adders
  2 worms (D:2)
  2 dart slugs
  A leopard gecko (D:2)
  3 orcs
  9 bats
  9 goblins
  11 hobgoblins
  4 jackals (D:1)
  2 quokkas
  2 ball pythons
  4 frilled lizards
  5 kobolds
  12 rats
74 creatures vanquished.

Notes
Turn   | Place    | Note
-------+----------+-------------------------------------------
     0 | D:1      | Rrauwl the Gargoyle Berserker began the quest for the Orb.
     0 | D:1      | Reached XP level 1. HP: 14/14 MP: 1/1
   176 | D:1      | Reached XP level 2. HP: 17/19 MP: 2/2
   498 | D:1      | Reached XP level 3. HP: 21/23 MP: 3/3
  1097 | D:2      | Reached XP level 4. HP: 25/29 MP: 4/4
  1222 | D:2      | Reached ** piety under Trog
  1905 | D:3      | Noticed MirrMurr's ghost (novice HOFi)
  1920 | D:3      | Killed MirrMurr's ghost
  1920 | D:3      | Reached skill level 5 in Fighting
  1920 | D:3      | Reached skill level 5 in Maces & Flails
  1920 | D:3      | Reached XP level 5. HP: 33/35 MP: 5/5
  1920 | D:3      | Reached XP level 6. HP: 38/40 MP: 6/6
  1920 | D:3      | Reached XP level 7. HP: 42/44 MP: 7/7
  2310 | D:4      | Killed from afar by an orc priest

Vault maps used:
D:1:      tarquinn_simple_flora_water_f
D:2:      grunt_ministairs_5
D:4:      first_bread, st_stairs_13

Skill      XL: |  1  2  3  4 |
---------------+-------------+-----
Dodging        | 2 |  2.1
Fighting       | 5 |  5.7
Armour         | 4 |  4.8
Maces & Flails | 5 |  5.2

Action                   |  1- 3 |  4- 6 |  7- 9 || total
-------------------------+-------+-------+-------++-------
Melee: Mace              |   128 |   100 |    63 ||   291
Invok: Berserk           |       |     1 |       ||     1
       Burn Spellbooks   |       |       |     1 ||     1
  Use: Scroll            |     5 |       |       ||     5
 Stab: Sleeping          |     1 |       |       ||     1
  Eat: Chunk             |     1 |     3 |     6 ||    10
Armor: Animal skin       |    29 |       |       ||    29
       Scale mail        |    46 |    47 |       ||    93
       Plate armour      |       |    30 |    55 ||    85
Dodge: Dodged            |    61 |    71 |    30 ||   162
